 Dungeon Crawl Stone Soup version 0.31.0-2-g5a2aebc5c2 (webtiles) character file.

Game seed: 2572542527930577224

18442 Ofeo the Toxicologist (level 12, -2/96 HPs)
             Began as a Demonspawn Alchemist on Jan 20, 2024.
             Was a Believer of Ashenzari.
             Killed by divine providence
             ... invoked by a smoke demon
              (11 damage)
             ... in a volcano on Jan 21, 2024.
             The game lasted 00:48:25 (16871 turns).

Ofeo the Toxicologist (Demonspawn Alchemist)       Turns: 16871, Time: 00:48:26

Health: -2/96      AC: 11    Str:  9    XL:     12   Next: 27%
Magic:  20/21      EV: 12    Int: 21    God:    Ashenzari [**....]
Gold:   649        SH: 13    Dex: 13    Spells: 2/23 levels left

rFire   + + .        b - +4 war axe (freeze)
rCold   + . .        B - +2 buckler of Ashenzari's Moon {rC+ rF+, Sorc, Elem} (curse)
rNeg    . . .        D - +0 steam dragon scales of Ashenzari's Adversity {Elem, Comp} (curse)
rPois   .            (no helmet)
rElec   .            t - +1 cloak {rF+}
rCorr   .            (no gloves)
SInv    +            o - +0 pair of boots "Cursed Annoyance" {Fort, Melee} (curse)
Will    +....        k - amulet of reflection
Stlth   +            l - ring of wizardry
HPRegen 0.36/turn    s - ring of willpower
MPRegen 0.17/turn

%: reflection, wizardry (x1)
@: on fire, glowing
A: hooves 2, thin metallic scales 2, powered by pain 2, spiny 1
a: Renounce Religion, Curse Item, Shatter the Chains


You were in a volcano.
You worshipped Ashenzari.
Ashenzari was pleased with you.
You visited 3 branches of the dungeon, and saw 13 of its levels.
You also visited: Volcano.

You collected 855 gold pieces.
You spent 206 gold pieces at shops.

Inventory:

Hand Weapons
 b - a +4 war axe of freezing (weapon)
Missiles
 v - a throwing net (quivered)
Armour
 o - the cursed +0 pair of boots "Cursed Annoyance" (worn) {Fort, Melee}
   (You found it on level 1 of the Dungeon)

   It has a curse which improves the following skills: Fortitude: Armour and
   Shields.
   Melee Combat: Short Blades, Long Blades, Axes, Maces & Flails, Polearms,
   Staves and Unarmed Combat.
 t - a +1 cloak of fire resistance (worn)
 B - the cursed +2 buckler of Ashenzari's Moon (worn) {rC+ rF+, Sorc, Elem}
   (You found it on level 8 of the Dungeon)

   It has a curse which improves the following skills: Sorcery: Conjurations and
   Alchemy.
   Elements:  Fire Magic, Ice Magic, Air Magic and Earth Magic.
 D - the cursed +0 steam dragon scales of Ashenzari's Adversity (worn) {Elem, Comp}
   (You found it on level 8 of the Dungeon)

   It has a curse which improves the following skills: Elements: Fire Magic, Ice
   Magic, Air Magic and Earth Magic.
   Companions: Summonings and Necromancy.
Magical Staves
 a - a staff of fire
Jewellery
 k - an amulet of reflection (around neck)
 l - a ring of wizardry (left hand)
 s - a ring of willpower (right hand)
Wands
 c - a wand of charming (5)
 y - a wand of roots (3)
Scrolls
 f - 4 scrolls of immolation
 g - 3 scrolls of poison
 i - a scroll of amnesia
 j - a scroll of teleportation {@r3}
 m - a scroll of fear
 p - 2 scrolls of blinking {@r4}
 z - a scroll of enchant weapon
Potions
 d - a potion of mutation
 e - 2 potions of enlightenment
 h - 2 potions of heal wounds {@q2}
 n - a potion of cancellation
 q - a potion of curing {@q1}
 r - 3 potions of resistance {@q6}
 u - 2 potions of magic
 w - 2 potions of attraction
 x - 4 potions of brilliance


   Skills:
 + Level 9.4 Fighting
 + Level 5.5(6.7) Staves
 - Level 3.2 Dodging
 - Level 3.5 Stealth
 - Level 8.0(9.1) Shields
 - Level 6.0 Spellcasting
 - Level 3.1(4.1) Conjurations
 - Level 6.2(8.0) Fire Magic
 - Level 10.6(11.7) Alchemy


You had 2 spell levels left.
You knew the following spells:

 Your Spells              Type           Power      Damage    Failure   Level
a - Sting                 Conj/Alch      100%       1d9       1%          1
b - Mercury Vapours       Alch/Air       62%        N/A       1%          2
c - Mephitic Cloud        Conj/Alch/Air  28%        N/A       1%          3
d - Olgreb's Toxic Radia  Alch           54%        N/A       1%          4
e - Sticky Flame          Fire/Alch      47%        2d9       1%          4
f - Petrify               Alch/Erth      31%        N/A       4%          4
g - Frozen Ramparts       Ice            14%        1d3       14%         3

Your spell library contained the following spells:

 Spells                   Type           Power      Damage    Failure   Level
 Foxfire                  Conj/Fire      100%       2x1d9     1%          1
 Slow                     Hex            24%        N/A       5%          1
 Leda's Liquefaction      Alch/Erth      15%        N/A       4%          4
 Confusing Touch          Hex            6%         N/A       16%         3
 Sigil of Binding         Hex            6%         N/A       16%         3
 Vampiric Draining        Necr           6%         2d6       16%         3
 Animate Dead             Necr           6%         N/A       43%         4
 Starburst                Conj/Fire      15%        6d6       52%         6
 Metabolic Englaciation   Hex/Ice        3%         N/A       77%         5
 Plasma Beam              Fire/Air       11%        2x1d22    78%         6
 Haunt                    Necr/Summ      3%         N/A       100%        7
 Infestation              Necr           3%         N/A       100%        8


Dungeon Overview and Level Annotations

Branches:
Dungeon (11/15)            Temple (1/1) D:6            Lair (1/5) D:11
    Orc (0/2) D:10        Volcano (1/1)

Altars:
Ashenzari
Cheibriados
Dithmenos
Fedhas
Gozag
Hepliaklqana
Kikubaaqudgha
Makhleb
Nemelex Xobeh
Okawaru
Qazlal
Ru
Sif Muna
Trog
Uskayaw
Vehumet
Wu Jian
Xom
Yredelemnul

Shops:
D:4 !   D:5 *

Annotations:
D:1 2 transporters
D:2 Sigmund
D:3 1 runed translucent door, TheBioAlchemist's ghost, amateur OpSh
D:9 exclusion: two-headed ogre
Lair:1 exclusion: komodo dragon, Nergalle


Innate Abilities, Weirdness & Mutations

You have hoof-like feet.
You are mostly covered in thin metallic scales. (AC +3)
You sometimes gain power by taking damage.
You are partially covered in sharp spines.


Message History

The pyre arrow hits you.
You are covered in intense liquid fire!
You hit the smoke demon but do no damage.
The smoke demon is moderately wounded.
The liquid fire burns you!
The wall freezes the smoke demon but does no damage.
The smoke demon gestures at you. Something smites you!
* * * LOW HITPOINT WARNING * * *
You focus on the pain.
You feel your power returning.
You slash the smoke demon! You freeze the smoke demon.
The smoke demon is heavily wounded.
The liquid fire burns you!
* * * LOW HITPOINT WARNING * * *
The wall freezes the smoke demon but does no damage.
You block the smoke demon's attack.
The smoke demon hits you but does no damage.
You block the smoke demon's attack.
The wall freezes the smoke demon but does no damage.
The smoke demon hits you but does no damage.
The smoke demon barely misses you.
The smoke demon hits you but does no damage.
Casting: Frozen Ramparts (dangerous; 14% risk of failure)
Confirm with . or Enter, or press ? or * to list all spells.
Okay, then.
You barely miss the smoke demon.
The smoke demon is heavily wounded.
The liquid fire burns you!
* * * LOW HITPOINT WARNING * * *
The frozen ramparts melt away.
The smoke demon gestures at you.
You block the pyre arrow... and reflect it back!
The pyre arrow hits the smoke demon.
You hit the smoke demon. You freeze the smoke demon.
The smoke demon is heavily wounded.
The liquid fire burns you!
* * * LOW HITPOINT WARNING * * *
The smoke demon gestures at you. Something smites you!
You die...

............####
.....3...3.....##
....§#####......##
#≈≈ #......§## #
##....§.§##
##.§..§..# .
##†.§....#
...####3#.#....#
...§§.†@[####...
#.........### #.##
##.§§§......## ..#
#.§.........## .##
##..#........##..#
########.....#..#
#......#.#
##..§§.§.#
##..§§§.#


You could see a smoke demon.

Vanquished Creatures
  2 two-headed ogres
  A boulder beetle (D:11)
  2 lindwurms (Volcano)
  An ugly thing (D:10)
  An elephant (D:11)
  3 manticores (D:11)
  A gargoyle (D:11)
  2 cane toads (Lair:1)
  A kobold demonologist (D:11)
  2 komodo dragons
  Psyche (D:11)
  A troll (D:9)
  A polar bear (Lair:1)
  3 blink frogs (Lair:1)
  A vampire (D:9)
  4 wraiths
  3 wyverns
  8 steam dragons
  A basilisk (D:11)
  29 yaks
  2 hell hounds (Volcano)
  2 water moccasins
  6 orc warriors
  3 black bears
  2 ice beasts
  An ogre (D:5)
  A centaur (D:8)
  A kobold brigand (D:6)
  4 bullfrogs
  A gnoll sergeant (D:6)
  3 scorpions
  A troll zombie (D:10)
  20 wights
  4 howler monkeys
  An electric eel (Lair:1)
  5 hounds
  A bombardier beetle (D:6)
  6 orc priests
  A gnoll bouda (D:7)
  2 jellies
  Jessica (D:2)
  4 iguanas
  8 orc wizards
  4 hell rats
  5 ogre zombies (D:10)
  10 gnolls
  6 adders
  A white imp (D:4)
  6 dart slugs
  5 ribbon worms
  30 orcs
  5 bats
  6 endoplasms
  4 giant cockroaches
  2 gnoll zombies (D:10)
  8 goblins
  14 hobgoblins
  8 jackals
  2 quokkas
  6 ball pythons
  4 frilled lizards
  3 gnoll skeletons (D:10)
  15 kobolds
  2 orc skeletons (D:10)
  12 orc zombies (D:10)
  6 rats
312 creatures vanquished.

Vanquished Creatures (others)
  A steam dragon (Volcano)
  2 bombardier beetles (D:4)
  2 endoplasms (D:4)
  A goblin (D:4)
6 creatures vanquished.

Grand Total: 318 creatures vanquished

Notes
Turn   | Place    | Note
-------+----------+-------------------------------------------
     0 | D:1      | Ofeo the Demonspawn Alchemist began the quest for the Orb.
     0 | D:1      | Reached XP level 1. HP: 13/13 MP: 3/3
   168 | D:1      | Gained mutation: You have large cloven feet. [demonic
                  | ancestry]
   168 | D:1      | Reached XP level 2. HP: 19/19 MP: 0/5
   571 | D:1      | Gained mutation: You sometimes gain a little power by
                  | taking damage. [demonic ancestry]
   571 | D:1      | Reached XP level 3. HP: 21/24 MP: 2/6
   991 | D:1      | Learned a level 2 spell: Mercury Vapours
   995 | D:1      | Learned a level 3 spell: Mephitic Cloud
  1185 | D:2      | Noticed Jessica
  1270 | D:2      | Killed Jessica
  1271 | D:2      | Gained mutation: You are partially covered in thin metallic
                  | scales. (AC +2) [demonic ancestry]
  1271 | D:2      | Reached XP level 4. HP: 30/30 MP: 2/7
  2217 | D:2      | Noticed Sigmund
  2605 | D:3      | Found a runed translucent door.
  2606 | D:3      | Noticed TheBioAlchemist's ghost (amateur OpSh)
  2649 | D:3      | Reached XP level 5. HP: 35/35 MP: 7/9
  2989 | D:3      | You fall into a shaft and drop 1 floor!
  3126 | D:4      | Found a shimmering altar of Xom.
  3271 | D:4      | Reached skill level 4 in Alchemy
  3271 | D:4      | Gained mutation: You have hoof-like feet. [demonic
                  | ancestry]
  3271 | D:4      | Reached XP level 6. HP: 27/41 MP: 6/10
  3804 | D:4      | Found Gogips's Distillery.
  3809 | D:4      | Bought a potion of curing for 39 gold pieces
  3809 | D:4      | Bought a potion of might for 52 gold pieces
  4801 | D:4      | Learned a level 4 spell: Olgreb's Toxic Radiance
  4812 | D:5      | Entered Level 5 of the Dungeon
  5057 | D:5      | Found a blossoming altar of Fedhas.
  5064 | D:5      | Found an ornate altar of the Wu Jian Council.
  5153 | D:5      | Gained mutation: You are partially covered in sharp spines.
                  | [demonic ancestry]
  5153 | D:5      | Reached XP level 7. HP: 46/46 MP: 7/12
  5224 | D:5      | Identified the +5 quarterstaff of the Desolation of Salt
                  | {elec, rF++ Str+3 Int-4 Dex+3}
  5445 | D:5      | Found Yfremafe's Fire Supplies.
  5451 | D:5      | Bought a +0 cloak of fire resistance for 115 gold pieces
  5605 | D:5      | Reached skill level 5 in Alchemy
  6223 | D:4      | Learned a level 4 spell: Sticky Flame
  6458 | D:5      | Reached skill level 5 in Spellcasting
  6594 | D:6      | Reached skill level 6 in Alchemy
  6595 | D:6      | Gained mutation: You sometimes gain power by taking damage.
                  | [demonic ancestry]
  6595 | D:6      | Reached XP level 8. HP: 48/52 MP: 10/15
  6972 | D:6      | Found a staircase to the Ecumenical Temple.
  7040 | Temple   | Entered the Ecumenical Temple
  7312 | D:6      | Reached skill level 7 in Alchemy
  7703 | D:6      | Reached skill level 8 in Alchemy
  8212 | D:7      | Reached skill level 9 in Alchemy
  8212 | D:7      | Gained mutation: You are mostly covered in thin metallic
                  | scales. (AC +3) [demonic ancestry]
  8212 | D:7      | Reached XP level 9. HP: 57/57 MP: 13/18
  8305 | D:7      | Found a broken altar of Ashenzari.
  8313 | D:7      | Found a hazy altar of Hepliaklqana.
  8315 | D:7      | Found a snail-covered altar of Cheibriados.
  8317 | D:7      | Found a radiant altar of Vehumet.
  8329 | D:7      | Became a worshipper of Ashenzari the Shackled
  8542 | D:7      | Reached skill level 10 in Alchemy
  8707 | D:7      | Found a shimmering blue altar of Sif Muna.
  9727 | D:8      | Reached skill level 1 in Shields
 10016 | D:8      | Reached skill level 5 in Shields
 10697 | D:8      | Reached XP level 10. HP: 59/63 MP: 14/19
 11212 | D:9      | Noticed a two-headed ogre
 12005 | D:9      | Reached skill level 1 in Fighting
 12112 | D:9      | Reached skill level 5 in Fighting
 12756 | D:10     | Entered Level 10 of the Dungeon
 12756 | D:10     | Noticed a cyan ugly thing
 12789 | D:10     | Learned a level 4 spell: Petrify
 12894 | D:10     | Noticed a two-headed ogre
 13243 | D:9      | Reached skill level 1 in Fire Magic
 13686 | D:9      | Reached XP level 11. HP: 64/81 MP: 20/20
 13792 | D:10     | Found a staircase to the Orcish Mines.
 13817 | D:10     | Killed a two-headed ogre
 14421 | D:10     | Killed a cyan ugly thing
 14535 | D:10     | Found a sacrificial altar of Ru.
 15083 | D:11     | Reached * piety under Ashenzari
 15098 | D:11     | Reached skill level 1 in Staves
 15344 | D:11     | Found a staircase to the Lair.
 15383 | D:11     | Noticed a boulder beetle
 15583 | D:11     | Noticed a two-headed ogre
 15587 | D:11     | Killed a boulder beetle
 15598 | D:11     | Killed a two-headed ogre
 15641 | D:11     | Reached skill level 5 in Fire Magic
 15863 | D:11     | Reached ** piety under Ashenzari
 15912 | D:11     | Noticed Psyche
 15917 | D:11     | Killed Psyche
 16414 | Lair:1   | Entered Level 1 of the Lair of Beasts
 16483 | Lair:1   | Reached XP level 12. HP: 68/94 MP: 7/21
 16679 | Lair:1   | Noticed Nergalle
 16756 | Lair:1   | Found a dark tunnel.
 16763 | Lair:1   | Reached skill level 5 in Staves
 16770 | Lair:1   | Learned a level 3 spell: Frozen Ramparts
 16771 | Volcano  | Entered a volcano
 16871 | Volcano  | Killed from afar by a smoke demon

Illustrated notes

Levels and vault maps discovered:
D:1:      spicycebolla_arrival_transporter_tutorial, layout_rooms
D:2:      layout_loops_cross, minmay_ruptured, uniq_sigmund, uniq_jessica
D:3:      layout_loops_ring, ebering_ghost_inner_flame,
          minmay_randomly_rotated_circles
D:4:      kennysheep_spiral_hall, layout_basic, xom_confusion_cloud,
          serial_shops, nicolae_shop_just_a_little_nook
D:5:      layout_basic, nicolae_wu_jian_wuxing_cycle,
          mainiacjoe_overflow_tiny_flanked, grunt_ministairs_11,
          nicolae_shop_fire_sale [nicolae_sub_dead_trees]
D:6:      layout_cave_pools, minmay_temple_entry_antechambers
D:7:      layout_basic, minitemple, mainiacjoe_overflow_brackets
D:8:      layout_basic, minivault_24
D:9:      layout_irregular_city, tso_altar
D:10:     layout_gridville, nicolae_ru_sacrificial_ziggurat, zombieorc1_lemuel
D:11:     layout_long_grid, david_lair_generic, uniq_psyche
Temple:   jpeg_temple_clearing
Lair:1:   layout_regular_city, nicolae_volcano_entry_s_turn, minivault_26,
          nicolae_quartered_pool_medium, uniq_nergalle
Volcano:  hellmonk_smoking_crater

Skill      XL: |  1  2  3  4  5  6  7  8  9 10 11 12 |
---------------+-------------------------------------+-----
Stealth        | 2 3 |  3.5
Dodging        | 2 3 |  3.2
Conjurations   | 2 3 |  3.1
Spellcasting   | 3 5 6 |  6.0
Alchemy        | 4 6 9 10 | 10.6
Shields        | 5 8 |  8.0
Fighting       | 6 8 9 |  9.4
Fire Magic     | 1 5 6 |  6.2
Staves         | 4 5 |  5.5

Action                     |  1- 3 |  4- 6 |  7- 9 | 10-12 || total
---------------------------+-------+-------+-------+-------++-------
  Melee: Short sword       |    37 |       |       |       ||    37
         Kick              |    14 |       |       |       ||    14
         Unarmed           |     5 |       |       |       ||     5
         Dagger            |     2 |    40 |       |       ||    42
         Punch             |       |     2 |     1 |       ||     3
         Flail             |       |    72 |       |       ||    72
         Quarterstaff      |       |       |    11 |       ||    11
         Staff             |       |       |    54 |   135 ||   189
         War axe           |       |       |       |    52 ||    52
   Cast: Sting             |    51 |   101 |    10 |       ||   162
         Mercury Vapours   |     1 |     7 |     3 |     3 ||    14
         Olgreb's Toxic Ra |       |     1 |    31 |    33 ||    65
         Mephitic Cloud    |       |     1 |       |     4 ||     5
         Sticky Flame      |       |       |    28 |    81 ||   109
         Frozen Ramparts   |       |       |       |     4 ||     4
 Invoke: Curse Item        |       |       |       |     3 ||     3
  Evoke: Wand              |       |       |       |    14 ||    14
    Use: Potion            |     1 |       |     1 |     4 ||     6
         Scroll            |       |     7 |     8 |     2 ||    17
   Stab: Sleeping          |       |     1 |       |       ||     1
 Armour: Robe              |    44 |    69 |    47 |       ||   160
         Steam dragon scal |       |       |     7 |   174 ||   181
  Dodge: Dodged            |    35 |    71 |    45 |   100 ||   251
  Block: Other             |       |    30 |    13 |       ||    43
         Reflection        |       |     1 |       |     4 ||     5
         Buckler           |       |       |    18 |   208 ||   226
